 Dungeon Crawl Stone Soup version 0.24-a0-251-g44e327e (webtiles) character file.

Game seed: 8299986812673481899

368 Ijustatesigmund the Chopper (level 6, -3/44 HPs)
             Began as an Octopode Fighter on Apr 16, 2019.
             Slain by a wyvern zombie (13 damage)
             ... in an ossuary.
             The game lasted 00:03:45 (2750 turns).

Ijustatesigmund the Chopper (Octopode Fighter)      Turns: 2750, Time: 00:03:45

Health: -3/44      AC:  1    Str: 15    XL:     6   Next: 69%
Magic:  6/6        EV: 10    Int: 11    God:
Gold:   81         SH: 13    Dex: 13    Spells: 5/5 levels left

rFire    . . .     SeeInvis .   a - +2 war axe
rCold    . . .     Gourm    .   b - +0 large shield
rNeg     . . .     Faith    .   (helmet restricted)
rPois    .         Spirit   .   (no amulet)
rElec    .         Reflect  .   (no ring)
rCorr    .         Harm     .   (no ring)
MR       .....                  (no ring)
Stlth    ++........             (no ring)
HPRegen  0.14/turn              (no ring)
MPRegen  0.10/turn              (no ring)
                                (no ring)
                                (no ring)

@: no status effects
A: almost no armour, stealthy swim, amphibious, 8 rings, constrict 8, camouflage
1, gelatinous body 1
a: no special abilities


You were in an ossuary.
You were not hungry.

You visited 1 branch of the dungeon, and saw 4 of its levels.
You also visited: Ossuary.

You collected 81 gold pieces.

Inventory:

Hand Weapons
 a - a +2 war axe (weapon)
Armour
 b - a +0 large shield (worn)
Jewellery
 f - an uncursed ring of poison resistance {unknown}
 k - a cursed amulet of inaccuracy {unknown}
Scrolls
 e - a scroll of remove curse
Potions
 c - a potion of might
 h - 2 potions of curing
 j - a potion of brilliance
 m - a potion of heal wounds {unknown}
Comestibles
 d - 7 rations
 g - a chunk of flesh


   Skills:
 + Level 4.7 Fighting
 + Level 4.8 Axes
 - Level 3.0 Dodging
 + Level 4.3 Shields


You had 5 spell levels left.
You didn't know any spells.
Your spell library was empty.

Dungeon Overview and Level Annotations

Branches:
Dungeon (4/15)             Temple (0/1) D:4

Altars:
Gozag
Nemelex Xobeh


Innate Abilities, Weirdness & Mutations

You cannot wear most types of armour.
You are very stealthy in the water. (Stealth+)
You are amphibious.
You can wear up to eight rings at the same time.
You can use your tentacles to constrict eight enemies at once.
Your skin changes colour to match your surroundings (Stealth+).
Your rubbery body absorbs attacks. (AC +1, EV +1)


Message History

You destroy the giant cockroach zombie!
The wyvern zombie bites you!
You are too injured to fight recklessly!
You are too injured to fight recklessly!
You are too injured to fight recklessly!
You are too injured to fight recklessly!
You are too injured to fight recklessly!
You are too injured to fight recklessly!
You are too injured to fight recklessly!
You are too injured to fight recklessly!
You are too injured to fight recklessly!
You are too injured to fight recklessly!
You are too injured to fight recklessly!
You are too injured to fight recklessly!
You barely miss the wyvern zombie. The wyvern zombie bites you!
* * * LOW HITPOINT WARNING * * *
You slash the wyvern zombie! You squeeze the wyvern zombie.
The wyvern zombie is moderately damaged.
The wyvern zombie barely misses you. The wyvern zombie bites you!
You die...

#'# '..
#.# '.#
##.' '.#
###Z###
#.'@'.#
###.#####
#.'.#..∩#
###.'.∩.#
+.#...#
#.#####.##
+.........
#+#'#+#+#+
.#


You could see a wyvern zombie.

Vanquished Creatures
  A bullfrog (D:3)
  A bullfrog zombie (Ossuary)
  A hound zombie (Ossuary)
  7 mummies (Ossuary)
  5 adders
  4 gnolls (D:2)
  An ooze (D:2)
  An adder zombie (Ossuary)
  A worm (D:2)
  A dart slug (D:1)
  5 leopard geckos
  6 orcs (D:3)
  3 giant cockroaches
  5 goblins
  4 hobgoblins
  6 jackals
  7 kobolds
  A quokka (D:3)
  A ball python (D:2)
  7 bats
  3 frilled lizards
  A giant cockroach zombie (Ossuary)
  A jackal zombie (Ossuary)
  7 rats
80 creatures vanquished.

Vanquished Creatures (others)
  3 withered plants (Ossuary)
3 creatures vanquished.

Grand Total: 83 creatures vanquished

Notes
Turn   | Place    | Note
-------+----------+-------------------------------------------
     0 | D:1      | Ijustatesigmund the Octopode Fighter began the quest for
                  | the Orb.
     0 | D:1      | Reached XP level 1. HP: 16/16 MP: 1/1
   104 | D:1      | Reached XP level 2. HP: 21/21 MP: 2/2
   767 | D:2      | Reached XP level 3. HP: 21/26 MP: 3/3
  1165 | D:2      | Reached XP level 4. HP: 21/32 MP: 4/4
  1330 | D:2      | Reached XP level 5. HP: 13/37 MP: 5/5
  1763 | D:3      | Found a sparkling altar of Nemelex Xobeh.
  1764 | D:3      | Found an opulent altar of Gozag.
  2635 | D:4      | Reached XP level 6. HP: 36/44 MP: 6/6
  2653 | D:4      | Found a sand-covered staircase.
  2708 | Ossuary  | Entered an ossuary
  2750 | Ossuary  | Slain by a wyvern zombie

Levels and vault maps discovered:
D:1:      wander_arrival_chamber, layout_basic, chequers_decorated_corner,
          minmay_misc_feat_cross
D:2:      layout_loops_ring, lemuel_old_faithful
D:3:      kennysheep_six_static_rooms, layout_rooms,
          grunt_temple_overflow_opulence
D:4:      layout_rooms, minmay_temple_entry_water_ring,
          nicolae_ossuary_entry_false_entrances, serial_rivers,
          chequers_serial_rivers_marsh, chequers_serial_rivers_room_b,
          chequers_serial_rivers_marsh, chequers_serial_rivers_small_b,
          corexii_leaking_fountain
Ossuary:  ossuary_zaba_flooded

Skill      XL: |  1  2  3  4  5  6 |
---------------+-------------------+-----
Axes           | 3 4 |  4.8
Fighting       | 4 |  4.7
Shields        | 4 |  4.3
Dodging        | |  3.0

Action                   |  1- 3 |  4- 6 || total
-------------------------+-------+-------++-------
Melee: War axe           |    59 |    85 ||   144
       Constrict         |    17 |    27 ||    44
       Tentacles         |     9 |    19 ||    28
  Use: Potion            |       |     2 ||     2
       Scroll            |       |     5 ||     5
 Stab: Sleeping          |     4 |     2 ||     6
  Eat: Chunk             |       |     6 ||     6
Armor: Skin              |     4 |     1 ||     5
Dodge: Dodged            |    21 |    32 ||    53
Block: Shield            |    22 |       ||    22
       Large shield      |     7 |    63 ||    70

Table legend:
 A = Non-vault XP
 B = Vault XP
 C = Vault XP percentage of total XP
 D = Non-vault monster count
 E = Vault monster count
 F = Vault count percentage of total count
                 A         B        C        D         E       F
            +---------+---------+-------+---------+---------+-------
      Total |     316 |     211 |  40.0 |      62 |      18 |  22.5
            +---------+---------+-------+---------+---------+-------
        D:1 |      28 |       0 |   0.0 |      16 |       0 |   0.0
        D:2 |     137 |       0 |   0.0 |      27 |       0 |   0.0
        D:3 |     138 |      10 |   6.8 |      18 |       6 |  25.0
        D:4 |      13 |       0 |   0.0 |       1 |       0 |   0.0
    Ossuary |       0 |     201 | 100.0 |       0 |      12 | 100.0
            +---------+---------+-------+---------+---------+-------
